 Dungeon Crawl Stone Soup version 0.30.0-3-ga4e48a9924 (webtiles) character file.

Game seed: 4630260135133176735

145 Daunt the Shooter (level 5, -4/46 HPs)
             Began as a Meteoran Hexslinger on May 7, 2023.
             Was a Follower of Elyvilon.
             Slain by a gnoll
             ... wielding a +0 flail of protection
             ... led by a gnoll sergeant
              (10 damage)
             ... on level 4 of the Dungeon.
             The game lasted 00:13:22 (1469 turns).

Daunt the Shooter (Meteoran Hexslinger)             Turns: 1469, Time: 00:13:23

Health: -4/46      AC:  4    Str: 12    XL:     5   Next: 83%
Magic:  7/8        EV: 12    Int: 14    God:    Elyvilon [*.....]
Gold:   51         SH:  0    Dex: 21    Spells: 6/7 levels left

rFire   . . .        a - +1 sling
rCold   + . .        (no shield)
rNeg    . . .        v - +1 leather armour of the Guardian {rC+ Dex+5 Stlth-}
rPois   .            (no helmet)
rElec   .            (no cloak)
rCorr   .            (no gloves)
SInv    .            (no boots)
Will    .....        (no amulet)
Stlth   +            (no ring)
HPRegen 0.27/turn    (no ring)
MPRegen 0.11/turn

%: no passive effects
@: glowing
A: sense surroundings 1, otherworldly, glowing, explore regen
a: Renounce Religion, Purification


You were on level 4 of the Dungeon.
You worshipped Elyvilon.
Elyvilon was aware of your devotion.
You visited 1 branch of the dungeon, and saw 4 of its levels.

You collected 191 gold pieces.
You spent 140 gold pieces at shops.

Inventory:

Hand Weapons
 a - a +1 sling (weapon)
 c - a +2 dagger of protection
 q - a +0 sling
 u - a +3 hand axe
Missiles
 i - 5 poisoned darts
 j - 16 stones
 w - 4 javelins
 z - 2 datura-tipped darts
Armour
 o - the +0 leather armour of Funadumm {rF+ Dex+2}
   (You found it on level 2 of the Dungeon)

   Dex:       It affects your dexterity (+2).
   rF:        It protects you from fire.
 v - the +1 leather armour of the Guardian (worn) {rC+ Dex+5 Stlth-}
   (You bought it in a shop on level 1 of the Dungeon)

   Dex:       It affects your dexterity (+5).
   rC:        It protects you from cold.
   Stlth:     It makes you less stealthy.
Wands
 n - a wand of mindburst (9)
Scrolls
 b - 2 scrolls of poison
 d - a scroll of noise {unknown}
 e - 2 scrolls of teleportation {unknown}
 g - 2 scrolls of identify {unknown}
 h - a scroll of blinking {unknown}
 k - 2 scrolls of vulnerability {unknown}
 l - 2 scrolls of magic mapping {unknown}
 s - a scroll of immolation {unknown}
 y - a scroll of fear {unknown}
Potions
 f - 2 potions of lignification {unknown}
 m - 5 potions of brilliance {unknown}
 p - 2 potions of might {unknown}
 r - 2 potions of flight {unknown}
 t - 3 potions of curing {unknown}
 x - a potion of mutation {unknown}


   Skills:
 + Level 3.7 Fighting
 * Level 4.3 Ranged Weapons
 - Level 2.4 Dodging
 + Level 1.6 Spellcasting
 + Level 3.7 Hexes


You had 6 spell levels left.
You knew the following spells:

 Your Spells              Type           Power      Damage    Failure   Level
a - Slow                  Hex            44%        N/A       7%          1

Your spell library contained the following spells:

 Spells                   Type           Power      Damage    Failure   Level
 Inner Flame              Hex/Fire       6%         N/A       41%         3
 Portal Projectile        Hex/Tloc       12%        N/A       41%         3
 Scorch                   Fire           2%         2d5       43%         2
 Cause Fear               Hex            5%         N/A       54%         4
 Flame Wave               Conj/Fire      1%         2d4       97%         4
 Summon Cactus Giant      Summ           0%         N/A       100%        6


Dungeon Overview and Level Annotations

Branches:
Dungeon (4/15) Zot: 888
 Temple: D:4-7

Altars:
Dithmenos
Elyvilon
Okawaru
Uskayaw
The Shining One

Shops:
D:1 [   D:3 !

Annotations:
D:4 Menkaure, Pikel


Innate Abilities, Weirdness & Mutations

You passively map a small area around you.
You are easily found by Zot.
You glow in the dark.
You regain HP and MP as you explore.


Message History

Press: ? - help, Q - select action, (/) - cycle Shift-Dir - straight line, f/p - gnoll
Aim: a gnoll, wielding a +0 flail of protection (moderately wounded, 68% to hit)
You shoot a sling bullet.
The sling bullet barely misses the gnoll.
The gnoll closely misses you.
Fire: a) +1 sling
Press: ? - help, Q - select action, (/) - cycle Shift-Dir - straight line, f/p - gnoll
Aim: a gnoll, wielding a +0 flail of protection (moderately wounded, 68% to hit)
You shoot a sling bullet.
The sling bullet barely misses the gnoll.
The gnoll barely misses you.
Press: ? - help, v - describe, . - travel
Here: a gnoll, wielding a +0 flail of protection (moderately wounded)
The floor.
Unknown command.
Fire: a) +1 sling
Press: ? - help, Q - select action, (/) - cycle Shift-Dir - straight line, f/p - gnoll
Aim: a gnoll, wielding a +0 flail of protection (moderately wounded, 68% to hit)
You shoot a sling bullet.
The sling bullet closely misses the gnoll.
The gnoll barely misses you.
Fire: a) +1 sling
Press: ? - help, Q - select action, (/) - cycle Shift-Dir - straight line, f/p - gnoll
Aim: a gnoll, wielding a +0 flail of protection (moderately wounded, 68% to hit)
You shoot a sling bullet.
The sling bullet hits the gnoll but does no damage.
The gnoll is moderately wounded.
The gnoll hits you with a +0 flail of protection.
* * * LOW HITPOINT WARNING * * *
Unknown command.
Unknown command.
Unknown command.
Casting: Slow (safe; 7% risk of failure)
Confirm with . or Enter, or press ? or * to list all spells.
Aiming: Slow (safe; 7% risk of failure)
Press: ? - help, Shift-Dir - straight line, f/p - gnoll
Aim: a gnoll, wielding a +0 flail of protection (moderately wounded, chance to affect: 53%)
The gnoll seems to slow down.
The gnoll hits you with a +0 flail of protection!
You die...

, *..* .# * . .*
,.###. ....... * *
* ,#.g.... , #
#..##.# #.#..##.#
*.#..##g# ### *
...##@# ,..#
#..##.# * #.#
#).##.# #.#
#)###.# #.# #.#
#.# ###.# #.# #.#
.##.########.###.#
.##..............#
.............#####


You could see a gnoll (slow).

Vanquished Creatures
  Jessica (D:3)
  An orc wizard (D:3)
  3 gnolls (D:4)
  2 adders (D:2)
  2 orcs (D:3)
  3 ball pythons (D:1)
  8 endoplasms
  3 giant cockroaches (D:1)
  3 goblins
  3 hobgoblins
  4 jackals (D:2)
  A quokka (D:4)
  3 bats
  A frilled lizard (D:2)
  5 kobolds
43 creatures vanquished.

Notes
Turn   | Place    | Note
-------+----------+-------------------------------------------
     0 | D:1      | Daunt the Meteoran Hexslinger began the quest for the Orb.
     0 | D:1      | Reached XP level 1. HP: 16/16 MP: 3/3
   103 | D:1      | Reached XP level 2. HP: 23/23 MP: 5/5
   172 | D:1      | Found Yphyin's Antique Armour Emporium.
   311 | D:1      | Reached XP level 3. HP: 29/29 MP: 6/6
   429 | D:2      | Reached skill level 3 in Ranged Weapons
   456 | D:2      | Identified the +0 leather armour of Funadumm {rF+ Dex+2}
   512 | D:2      | Found a white marble altar of Elyvilon.
   521 | D:2      | Became a worshipper of Elyvilon the Healer
   644 | D:3      | Found a shadowy altar of Dithmenos.
   699 | D:3      | Found an iron altar of Okawaru.
   704 | D:3      | Noticed Jessica
   709 | D:3      | Killed Jessica
   710 | D:3      | Reached XP level 4. HP: 38/38 MP: 7/7
   828 | D:2      | Reached * piety under Elyvilon
  1036 | D:1      | Bought a steaming leather armour for 140 gold pieces
  1036 | D:1      | Identified the +1 leather armour of the Guardian {rC+ Dex+5
                  | Stlth-} (You bought it in a shop on level 1 of the Dungeon)
  1105 | D:4      | Noticed Pikel
  1105 | D:4      | Noticed a lemure
  1105 | D:4      | Noticed a lemure
  1105 | D:4      | Noticed Menkaure
  1106 | D:4      | Noticed a lemure
  1114 | D:3      | Found Laimorchos's Distillery.
  1142 | D:3      | Found a glowing golden altar of the Shining One.
  1177 | D:3      | Reached skill level 4 in Ranged Weapons
  1177 | D:3      | Reached XP level 5. HP: 35/45 MP: 5/8
  1282 | D:3      | Found a hide-covered altar of Uskayaw.
  1438 | D:4      | Noticed a gnoll sergeant
  1469 | D:4      | Slain by a gnoll

Illustrated notes

Levels and vault maps discovered:
D:1:      minmay_arrival_stone_box, layout_loops_ring, serial_shops,
          nicolae_shop_crystal, nrook_mini_vaults, ebering_dispersal_statue_hall
D:2:      layout_loops_cross, basic_altar
D:3:      minmay_octagon_keep, layout_loops_ring, okawaru_trees_1,
          tso_metal_star, lemuel_crystal_altar, mainiacjoe_overflow_24_doors,
          serial_shops, nicolae_shop_tiny_statue_garden, dreamdust_wishing_well,
          uniq_jessica
D:4:      layout_loops_ring, uniq_pikel, uniq_menkaure

Skill      XL: |  1  2  3  4 |
---------------+-------------+-----
Fighting       | 2 3 |  3.7
Ranged Weapons | 3 4 |  4.3
Dodging        | |  2.4
Spellcasting   | |  1.6
Hexes          | |  3.7

Action                     |  1- 3 |  4- 6 || total
---------------------------+-------+-------++-------
   Fire: Sling             |    85 |    79 ||   164
   Cast: Slow              |       |     3 ||     3
 Armour: Robe              |    15 |       ||    15
         Leather armour    |       |    14 ||    14
  Dodge: Dodged            |    23 |    24 ||    47
